[Event "TOP 12 Feminin 2023 Phase 1"]
[Site "MULHOUSE, France"]
[Date "2023.05.20"]
[Round "4.1"]
[White "JAVAKHISHVILI, Lela"]
[Black "GUICHARD, Pauline"]
[Result "1/2-1/2"]
[ECO "A14"]
[WhiteElo "2446"]
[BlackElo "2384"]
[PlyCount "53"]
[EventDate "2023.??.??"]
[WhiteTeam "Bischwiller"]
[BlackTeam "Asnieres sur Seine"]
[TimeControl "90+30"]

1. Nf3 {6} Nf6 {9} 2. g3 {18} d5 {33} 3. Bg2 {20} e6 {66} 4. O-O {12} Be7 {31}
5. c4 {58} O-O {35} 6. b3 {27} b6 {28} 7. Bb2 {44} c5 {33} 8. cxd5 {84} Nxd5 {
60} 9. d4 {174} Bb7 {49} 10. dxc5 {185} Bxc5 {59} 11. Nbd2 {158} Nd7 {115} 12.
a3 {151} a5 {213} 13. Nd4 {407} Qe7 {560} 14. Ne4 {485} Rfd8 {408} 15. Qb1 {543
} Rac8 {642} 16. Rd1 {469} h6 {525} 17. Ra2 {359} N7f6 {360} 18. Nxc5 {228}
bxc5 {29} 19. Nf3 {275} Ba6 {353} 20. Be5 {482} c4 {561} 21. bxc4 {79} Rxc4 {12
} 22. Qa1 {282} Rdc8 {224} 23. Nd2 {306} Rc2 {23} 24. Rxc2 {97} Rxc2 {5} 25.
Bf3 {315} a4 {456} 26. Qb1 {155} Rc8 {214} 27. Qb2 {44} 1/2-1/2

[Event "TOP 12 Feminin 2023 Phase 1"]
[Site "MULHOUSE, France"]
[Date "2023.05.20"]
[Round "4.2"]
[White "GAPONENKO, Inna"]
[Black "SEBAG, Marie"]
[Result "0-1"]
[ECO "B92"]
[WhiteElo "2338"]
[BlackElo "2430"]
[PlyCount "172"]
[EventDate "2023.??.??"]
[WhiteTeam "Asnieres sur Seine"]
[BlackTeam "Bischwiller"]
[TimeControl "90+30"]

1. e4 {2} c5 {319} 2. Nf3 {7} d6 {6} 3. d4 {4} cxd4 {6} 4. Nxd4 {3} Nf6 {6} 5.
Nc3 {6} a6 {4} 6. Be2 {65} e5 {68} 7. Nb3 {8} Be7 {32} 8. Bg5 {48} Be6 {967} 9.
Bxf6 {101} Bxf6 {9} 10. Qd3 {21} Qc7 {374} 11. Rd1 {1118} Be7 {41} 12. Nd5 {32}
Bxd5 {35} 13. Qxd5 {5} Nd7 {111} 14. Bc4 {334} O-O {79} 15. Qd3 {37} Rac8 {1503
} 16. Bd5 {180} Qxc2 {100} 17. Bxb7 {81} Qxd3 {143} 18. Rxd3 {7} Rc7 {191} 19.
Bd5 {279} Nf6 {329} 20. Rc3 {2843} Rxc3 {501} 21. bxc3 {1} Nxd5 {15} 22. exd5 {
0} Rc8 {28} 23. Kd2 {37} f5 {24} 24. f3 {395} Bf6 {220} 25. Re1 {125} Kf7 {260}
26. Kd3 {101} e4+ {392} 27. fxe4 {5} Rxc3+ {14} 28. Kd2 {5} Rc4 {47} 29. exf5 {
324} Ra4 {35} 30. Nc1 {121} Rd4+ {234} 31. Kc2 {33} Rxd5 {9} 32. g4 {8} Rc5+ {
130} 33. Kb1 {42} Rb5+ {40} 34. Nb3 {5} Rb4 {42} 35. h3 {17} a5 {19} 36. Kc2 {5
} a4 {30} 37. Nd2 {57} Rb2+ {43} 38. Kd3 {2} Rxa2 {7} 39. Nc4 {14} Be7 {67} 40.
Kd4 {48} Rh2 {89} 41. Re3 {11} Rh1 {12} 42. Kd5 {128} Rd1+ {53} 43. Kc6 {1} Rc1
{20} 44. Kd5 {4} Kf8 {44} 45. Rd3 {32} Rb1 {23} 46. Kc6 {84} Rb3 {16} 47. Rd5 {
27} Rc3 {50} 48. Kb5 {20} a3 {18} 49. Kb4 {30} Rxh3 {36} 50. Nxa3 {23} Rg3 {9}
51. Nc4 {18} Rxg4 {11} 52. Kb5 {5} Re4 {50} 53. Nb6 {86} Kf7 {44} 54. Rd1 {28}
Re5+ {33} 55. Nd5 {4} Rxf5 {21} 56. Kc6 {2} Bf8 {44} 57. Ne3 {30} Rf3 {12} 58.
Nc4 {27} h5 {30} 59. Kd5 {9} g5 {17} 60. Ke4 {13} Rf4+ {20} 61. Kd5 {4} h4 {24}
62. Nd2 {61} Kg6 {32} 63. Ne4 {11} g4 {67} 64. Rb1 {32} g3 {25} 65. Rg1 {12}
Kf5 {25} 66. Nxg3+ {20} hxg3 {5} 67. Rxg3 {2} Kf6 {24} 68. Rd3 {42} Rf5+ {12}
69. Kc4 {5} Ke6 {7} 70. Re3+ {10} Re5 {6} 71. Rf3 {3} Be7 {11} 72. Rf1 {15}
Re4+ {12} 73. Kd3 {3} d5 {6} 74. Rf3 {11} Bf6 {13} 75. Rf1 {12} Ra4 {3} 76. Rb1
{8} Ra3+ {7} 77. Ke2 {5} Be5 {18} 78. Rb5 {6} d4 {10} 79. Kd2 {16} Kf5 {6} 80.
Rb1 {13} Bf4+ {10} 81. Kc2 {8} Ke4 {5} 82. Re1+ {8} Be3 {4} 83. Rb1 {11} d3+ {
17} 84. Kd1 {4} Kf3 {10} 85. Ke1 {20} Ra2 {6} 86. Rd1 {20} Rh2 {11} 0-1

[Event "TOP 12 Feminin 2023 Phase 1"]
[Site "MULHOUSE, France"]
[Date "2023.05.20"]
[Round "4.3"]
[White "MAISURADZE, Nino"]
[Black "IGLESIAS, Yosha"]
[Result "1/2-1/2"]
[ECO "D10"]
[WhiteElo "2275"]
[BlackElo "2199"]
[PlyCount "151"]
[EventDate "2023.??.??"]
[WhiteTeam "Bischwiller"]
[BlackTeam "Asnieres sur Seine"]
[TimeControl "90+30"]

1. d4 {6} d5 {6} 2. c4 {80} c6 {21} 3. Nc3 {357} Nf6 {30} 4. cxd5 {268} cxd5 {
15} 5. Bf4 {5} Nc6 {49} 6. e3 {12} a6 {53} 7. Rc1 {281} Bf5 {84} 8. Qb3 {106}
Na5 {507} 9. Qa4+ {128} b5 {662} 10. Qd1 {2896} e6 {1331} 11. Nxb5 {350} axb5 {
18} 12. Bxb5+ {3} Nd7 {29} 13. Bc7 {58} Bb4+ {80} 14. Kf1 {3} Qe7 {80} 15. a3 {
329} Bxa3 {964} 16. Bxa5 {403} O-O {316} 17. Bc3 {18} Bxb2 {1221} 18. Bxb2 {67}
Qb4 {19} 19. Bxd7 {100} Qxb2 {3} 20. Nf3 {260} Ra2 {88} 21. Qe1 {20} Rfa8 {60}
22. g4 {89} Bxg4 {242} 23. Kg2 {3} Bxf3+ {81} 24. Kxf3 {7} g6 {51} 25. Rf1 {41}
Rd8 {55} 26. Bc6 {71} Rc8 {39} 27. Bd7 {152} Rd8 {17} 28. Bc6 {114} Rc8 {4} 29.
Qc3 {8} Qe2+ {14} 30. Kg3 {21} h5 {16} 31. h3 {40} h4+ {102} 32. Kg2 {4} Qh5 {
65} 33. Qd3 {116} Qg5+ {13} 34. Kh1 {21} Qf6 {18} 35. Rc2 {33} Rxc2 {40} 36.
Qxc2 {0} e5 {10} 37. Rc1 {35} exd4 {11} 38. exd4 {21} Qxd4 {21} 39. Qc5 {74}
Qf4 {36} 40. Qe3 {24} Qf5 {56} 41. Kh2 {18} Qf6 {60} 42. Rc2 {37} Kh7 {36} 43.
Ba4 {24} d4 {6} 44. Qe4 {41} Rc3 {48} 45. Bc6 {35} Rxc2 46. Qxc2 {0} d3 {10}
47. Qxd3 {58} Qxc6 {4} 48. Qd4 {25} Qc7+ {32} 49. Kg2 {13} Qe7 {9} 50. Kh2 {44}
Qg5 {16} 51. Qc4 {30} Qf6 {27} 52. Kg2 {14} Kg7 {25} 53. Qd3 {29} Qg5+ {23} 54.
Kh1 {60} Qe5 {25} 55. Kg2 {17} Qg5+ {65} 56. Kh1 {5} Qf4 {9} 57. Kg2 {17} Qe5 {
38} 58. Kg1 {22} g5 {48} 59. Kg2 {18} Qf6 {35} 60. Qe4 {29} Qe6 {27} 61. Qd4+ {
32} f6 {11} 62. Qd1 {87} Kh6 {23} 63. Qd8 {20} Qe4+ {25} 64. Kg1 {15} Kg7 {61}
65. Qd7+ {14} Kg6 {6} 66. Qc8 {25} Qe1+ {59} 67. Kg2 {5} Qe4+ {14} 68. Kg1 {4}
Qd5 {13} 69. Qe8+ {29} Kf5 {36} 70. Qc8+ {9} Qe6 {46} 71. Qc2+ {39} Qe4 {71}
72. Qc8+ {12} Qe6 {8} 73. Qc2+ {2} Ke5 {24} 74. Qc5+ {47} Qd5 {19} 75. Qe7+ {57
} Qe6 {35} 76. Qc5+ {Kd5 [%emt 00:00:10] 18} 1/2-1/2

[Event "TOP 12 Feminin 2023 Phase 1"]
[Site "MULHOUSE, France"]
[Date "2023.05.20"]
[Round "4.4"]
[White "NICOARA, Malina"]
[Black "BELLAHCENE, Meriem"]
[Result "1-0"]
[ECO "D35"]
[WhiteElo "2063"]
[BlackElo "1829"]
[PlyCount "91"]
[EventDate "2023.??.??"]
[WhiteTeam "Asnieres sur Seine"]
[BlackTeam "Bischwiller"]
[TimeControl "90+30"]

1. d4 {2} d5 {212} 2. c4 {12} e6 {5} 3. Nc3 {21} c6 {16} 4. cxd5 {110} exd5 {7}
5. Bf4 {79} Nf6 {32} 6. e3 {23} g6 {66} 7. Bd3 {95} Bg7 {63} 8. h3 {191} O-O {
108} 9. Nf3 {80} Re8 {75} 10. Qc2 {190} Nbd7 {482} 11. O-O {333} a6 {222} 12.
b4 {849} Nb6 {107} 13. a4 {673} Nc4 {87} 14. Rfb1 {508} Bd7 {129} 15. a5 {297}
Nh5 {423} 16. Bh2 {832} Be6 {639} 17. Na4 {251} Qf6 {286} 18. Qd1 {289} Bh6 {
516} 19. Bxc4 {243} dxc4 {4} 20. Rc1 {19} Bd5 {536} 21. Nc5 {71} Ra7 {112} 22.
Nd7 {109} Qd8 {97} 23. Nb6 {121} Qe7 {125} 24. Nxc4 {162} Ng7 {317} 25. Rab1 {
100} Nf5 {66} 26. Nfe5 {110} f6 {180} 27. Ng4 {134} Bg7 {59} 28. Nb6 {183} h5 {
426} 29. Nxd5 {37} cxd5 {1} 30. Qb3 {48} Qe6 {93} 31. Rc7 {49} hxg4 {30} 32.
hxg4 {3} Ne7 {172} 33. Qc3 {17} Raa8 {385} 34. Qc5 {17} Rac8 {78} 35. b5 {113}
Rxc7 {31} 36. Qxc7 {12} Qc8 {103} 37. Qb6 {16} axb5 {107} 38. Qxb5 {6} Nc6 {114
} 39. Qxd5+ {10} Kh7 {14} 40. Qb5 {26} Qxg4 {31} 41. a6 {17} Na7 {67} 42. Qxe8
{5} bxa6 {14} 43. f3 {24} Qh5 {44} 44. Rb7 {76} Nb5 {12} 45. Bf4 {60} Qh4 {53}
46. g3 {26} 1-0

[Event "TOP 12 Feminin 2023 Phase 1"]
[Site "MULHOUSE, France"]
[Date "2023.05.20"]
[Round "4.5"]
[White "KHADEMALSHARIEH, Sarasadat"]
[Black "MUZYCHUK, Anna"]
[Result "1/2-1/2"]
[ECO "D79"]
[WhiteElo "2490"]
[BlackElo "2504"]
[PlyCount "31"]
[EventDate "2023.??.??"]
[WhiteTeam "Clichy"]
[BlackTeam "Chalons en Champagne"]
[TimeControl "90+30"]

1. d4 {3} Nf6 {5} 2. c4 {7} g6 {9} 3. Nf3 {11} Bg7 {6} 4. g3 {7} O-O {16} 5.
Bg2 {6} c6 {18} 6. O-O {20} d5 {7} 7. cxd5 {18} cxd5 {8} 8. Nc3 {11} Ne4 {215}
9. Ne5 {89} Bf5 {112} 10. g4 {58} Be6 {391} 11. Nxe4 {22} dxe4 {7} 12. Bxe4 {4}
Nc6 {29} 13. Nxc6 {49} bxc6 {7} 14. Bxc6 {24} Rc8 {175} 15. Bf3 {582} Bxd4 {19}
16. Bh6 {579} 1/2-1/2

[Event "TOP 12 Feminin 2023 Phase 1"]
[Site "MULHOUSE, France"]
[Date "2023.05.20"]
[Round "4.7"]
[White "BROLY, Mathilde"]
[Black "PARTAC, Elena"]
[Result "1/2-1/2"]
[ECO "B40"]
[WhiteElo "2115"]
[BlackElo "2088"]
[PlyCount "109"]
[EventDate "2023.??.??"]
[WhiteTeam "Clichy"]
[BlackTeam "Chalons en Champagne"]
[TimeControl "90+30"]

1. e4 {16} c5 {45} 2. Nf3 {10} e6 {4} 3. g3 {27} Nc6 {166} 4. Bg2 {33} Nf6 {322
} 5. Qe2 {209} d6 {70} 6. O-O {134} Be7 {50} 7. c3 {26} e5 {179} 8. Na3 {248}
h6 {196} 9. Rd1 {501} Bd7 {1138} 10. Nc2 {721} Qc8 {97} 11. d3 {220} b5 {287}
12. Ne3 {258} Rb8 {191} 13. Nd5 {369} Bd8 {581} 14. d4 {157} cxd4 {205} 15.
cxd4 {91} O-O {353} 16. dxe5 {521} dxe5 {19} 17. b3 {34} Bg4 {332} 18. Bb2 {33}
Qe6 {279} 19. Rac1 {565} Re8 {313} 20. h3 {224} Bh5 {1015} 21. Qc2 {226} Bxf3 {
77} 22. Bxf3 {141} Nd4 {2} 23. Bxd4 {80} exd4 {9} 24. Rxd4 {15} Nxd5 {66} 25.
exd5 {40} Qb6 {161} 26. Re4 {158} Bg5 {26} 27. Rxe8+ {126} Rxe8 {3} 28. Rd1 {21
} Rd8 {41} 29. Kg2 {69} Rd6 {53} 30. Qc8+ {57} Rd8 {20} 31. Qc6 {17} Qxc6 {40}
32. dxc6 {5} Rxd1 {31} 33. Bxd1 {10} Bd8 {1} 34. b4 {66} Kf8 {34} 35. a4 {126}
bxa4 {6} 36. Bxa4 {6} Ke7 {22} 37. Kf3 {15} Bb6 {35} 38. Ke4 {31} Kd6 {79} 39.
f4 {17} Bc7 {26} 40. Kd4 {45} Bb6+ {35} 41. Kc4 {12} Be3 {33} 42. Kb5 {24} Bf2
{33} 43. g4 {77} Be3 {18} 44. f5 {34} Bf2 {30} 45. Bb3 {46} f6 {6} 46. Bf7 {121
} Be3 {26} 47. Be8 {16} Bb6 {23} 48. Ka6 {90} Kc7 {6} 49. Kb5 {6} Kd6 {3} 50.
Kc4 {18} Bd8 {30} 51. Kd4 {28} Bb6+ {11} 52. Ke4 {11} Bd8 {25} 53. Kf3 {38} Bc7
{86} 54. Bd7 {14} Ke7 {94} 55. Ke4 {209} 1/2-1/2

[Event "TOP 12 Feminin 2023 Phase 1"]
[Site "MULHOUSE, France"]
[Date "2023.05.20"]
[Round "4.8"]
[White "MORACCHINI, Margaux"]
[Black "BONVALOT, Isabelle"]
[Result "1-0"]
[ECO "B06"]
[WhiteElo "1990"]
[BlackElo "1889"]
[PlyCount "84"]
[EventDate "2023.??.??"]
[WhiteTeam "Chalons en Champagne"]
[BlackTeam "Clichy"]
[TimeControl "90+30"]

1. e4 {20} g6 {11} 2. d4 {15} Bg7 {4} 3. Nc3 {31} d6 {18} 4. g3 {38} c6 {31} 5.
a4 {78} Nf6 {205} 6. Bg2 {67} O-O {18} 7. Nge2 {76} e5 {74} 8. h3 {117} Na6 {
298} 9. O-O {104} Qe7 {243} 10. Re1 {352} Nh5 {294} 11. g4 {448} Nf6 {84} 12.
Be3 {104} Bxg4 {178} 13. hxg4 {32} Nxg4 {6} 14. Qd2 {384} Qh4 {52} 15. d5 {1137
} Bh6 {419} 16. Bxh6 {27} Qxf2+ {22} 17. Kh1 {7} Qh4+ {11} 18. Kg1 {4} Qh2+ {43
} 19. Kf1 {6} Nxh6 {7} 20. Ng1 {669} f5 {47} 21. Nf3 {79} fxe4 {80} 22. Nxe4 {
13} Rf4 {115} 23. Ra3 {349} Raf8 {24} 24. dxc6 {233} bxc6 {128} 25. Qxd6 {41}
Ng4 {678} 26. Re2 {178} Qh5 {897} 27. Ke1 {187} Nh2 {264} 28. Qe6+ {116} Kg7 {
295} 29. Qxe5+ {102} Qxe5 {17} 30. Nxe5 {5} Nb4 {468} 31. Nc5 {307} Re8 {156}
32. Rae3 {129} Rf5 {151} 33. Ncd7 {183} Rh5 {338} 34. c3 {313} Nd5 {148} 35.
Bxd5 {5} cxd5 {4} 36. Rg3 {193} Re7 {230} 37. Rd3 {110} g5 {118} 38. Rxd5 {44}
g4 {15} 39. Rd3 {93} Rh6 {263} 40. Rg3 {52} Rh4 {22} 41. Kf2 {56} Re6 {55} 42.
c4 {56} h5 {127} 1-0

[Event "TOP 12 Feminin 2023 Phase 1"]
[Site "MULHOUSE, France"]
[Date "2023.05.20"]
[Round "4.9"]
[White "DJIDJELI, Sarah"]
[Black "BULMAGA, Irina"]
[Result "0-1"]
[ECO "C55"]
[WhiteElo "2028"]
[BlackElo "2422"]
[PlyCount "94"]
[EventDate "2023.??.??"]
[WhiteTeam "Lyon"]
[BlackTeam "Cannes"]
[TimeControl "90+30"]

1. e4 {2} e5 {7} 2. Nf3 {5} Nc6 {5} 3. Bc4 {3} Nf6 {8} 4. d3 {5} h6 {14} 5. O-O
{22} d6 {15} 6. c3 {26} g5 {14} 7. a4 {16} Bg7 {25} 8. Re1 {80} O-O {38} 9. h3
{141} a6 {1076} 10. Nbd2 {1214} Be6 {274} 11. Nf1 {441} d5 {239} 12. exd5 {38}
Nxd5 {9} 13. Ng3 {547} Nf4 {944} 14. Bxe6 {414} Nxe6 {11} 15. Nf5 {47} Qf6 {121
} 16. Nxg7 {25} Nxg7 {23} 17. Qe2 {44} Rfe8 {30} 18. Qe4 {206} Qe6 {304} 19. b4
{318} f5 {428} 20. Qc4 {84} Qxc4 {58} 21. dxc4 {2} e4 {97} 22. Nd4 {13} Ne5 {27
} 23. c5 {67} Nd3 {277} 24. Rd1 {351} Kf7 {38} 25. Ba3 {351} Kf6 {94} 26. b5 {
214} axb5 {114} 27. axb5 {22} Ne6 {18} 28. Nxe6 {81} Kxe6 {7} 29. Bb4 {120} Kd5
{57} 30. b6 {779} c6 {69} 31. Kf1 {277} Kc4 {66} 32. Ra7 {308} Rab8 {15} 33.
Rb1 {24} Red8 {187} 34. g3 {100} Ne5 {111} 35. Ra4 {14} Nf3 {43} 36. Ba3+ {43}
Kd5 {29} 37. c4+ {19} Ke6 {7} 38. Bb4 {22} Rd3 {24} 39. Ra7 {50} Rbd8 {63} 40.
Rxb7 {33} Rd1+ {393} 41. Rxd1 {4} Rxd1+ {6} 42. Ke2 {1} Rb1 {85} 43. Bc3 {49}
Rb3 {13} 44. Rc7 {41} Rxc3 {43} 45. Rxc6+ {2} Ke5 {63} 46. Rxh6 {18} Rd3 {109}
47. Rh5 {114} Kd4 {47} 0-1

[Event "TOP 12 Feminin 2023 Phase 1"]
[Site "MULHOUSE, France"]
[Date "2023.05.20"]
[Round "4.10"]
[White "BENDSDORP-DE LABACA, Marlies"]
[Black "ROLLOT , Florence"]
[Result "1-0"]
[ECO "A57"]
[WhiteElo "2217"]
[BlackElo "2027"]
[PlyCount "87"]
[EventDate "2023.??.??"]
[WhiteTeam "Cannes"]
[BlackTeam "Lyon"]
[TimeControl "90+30"]

1. d4 {2} Nf6 {153} 2. c4 {4} c5 {4} 3. d5 {4} b5 {7} 4. Qc2 {5} bxc4 {75} 5.
e4 {5} d6 {30} 6. Bxc4 {37} g6 {30} 7. Nf3 {121} Nbd7 {244} 8. h3 {109} Bg7 {64
} 9. O-O {80} O-O {43} 10. Nc3 {385} Nb6 {140} 11. Be2 {60} Bb7 {130} 12. Bg5 {
37} a6 {173} 13. Rfe1 {48} Re8 {89} 14. Rad1 {18} Qc7 {143} 15. b3 {266} Rab8 {
340} 16. Bc4 {452} Nfd7 {216} 17. Bf4 {465} Bc8 {733} 18. Rb1 {1019} Nxc4 {50}
19. bxc4 {10} Rb4 {23} 20. Ne2 {239} Nb6 {238} 21. a3 {498} Rxb1 {291} 22. Rxb1
{11} f5 {123} 23. Qb3 {202} Nd7 {252} 24. exf5 {50} gxf5 {10} 25. Ng3 {270} Ne5
{74} 26. Nh5 {126} Ng6 {67} 27. Nxg7 {30} Kxg7 {65} 28. Qc3+ {75} Kg8 {53} 29.
Bh6 {109} e5 {71} 30. dxe6 {5} Rxe6 {136} 31. Ng5 {228} Nf4 {212} 32. Qf3 {257}
Rxh6 {88} 33. Qxf4 {3} Rg6 {93} 34. Re1 {119} Qc6 {64} 35. Re7 {230} h6 {243}
36. Nf3 {26} Bd7 {362} 37. Kh2 {170} Kh8 {247} 38. Nh4 {45} Rg5 {26} 39. Nf3 {
122} Rg6 {46} 40. Qd2 {72} d5 {168} 41. Ne5 {265} Qd6 {56} 42. Qxd5 {7} Re6 {93
} 43. Qxd6 {7} Rxd6 {7} 44. Nf7+ {1} 1-0

[Event "TOP 12 Feminin 2023 Phase 1"]
[Site "MULHOUSE, France"]
[Date "2023.05.20"]
[Round "4.11"]
[White "RILLER, Dounia"]
[Black "CHOISY, Mathilde"]
[Result "0-1"]
[ECO "B90"]
[WhiteElo "1771"]
[BlackElo "2109"]
[Annotator ",jmourgues41@gmail.co"]
[PlyCount "38"]
[EventDate "2023.??.??"]
[WhiteTeam "Lyon"]
[BlackTeam "Cannes"]
[TimeControl "90+30"]

1. e4 {155} c5 {7} 2. Nf3 {7} d6 {5} 3. d4 {4} cxd4 {5} 4. Nxd4 {2} Nf6 {5} 5.
Nc3 {9} a6 {5} 6. a3 {7} Nc6 {116} 7. f3 {628} e6 {200} 8. Be3 {204} Qc7 {133}
9. g4 {61} h6 {73} 10. h4 {105} Be7 {477} 11. Qd2 {105} b5 {780} 12. O-O-O {
1505} Rb8 {384} 13. Bxb5 {878} axb5 {38} 14. Ndxb5 {5} Qb7 {224} 15. Nxd6+ {370
} Bxd6 {4} 16. Qxd6 {6} Nd7 {650} 17. g5 {152} Qxb2+ {328} 18. Kd2 {7} Nce5 {
150} 19. Ke2 {347} Qxc3 {41} 0-1

[Event "TOP 12 Feminin 2023 Phase 1"]
[Site "MULHOUSE, France"]
[Date "2023.05.20"]
[Round "4.12"]
[White "NEEL , Laura"]
[Black "RAJAU, Ines"]
[Result "1-0"]
[ECO "C45"]
[WhiteElo "1664"]
[BlackElo "1129"]
[PlyCount "121"]
[EventDate "2023.??.??"]
[WhiteTeam "Cannes"]
[BlackTeam "Lyon"]
[TimeControl "90+30"]

1. e4 {1} e5 {8} 2. Nf3 {3} Nc6 {5} 3. d4 {3} exd4 {18} 4. Nxd4 {15} Nxd4 {36}
5. Qxd4 {6} d6 {57} 6. Nc3 {20} Nf6 {175} 7. Bc4 {48} Be7 {377} 8. O-O {11} O-O
{29} 9. b3 {143} c5 {247} 10. Qd2 {47} Ng4 {363} 11. Nd5 {195} Ne5 {296} 12.
Nxe7+ {47} Qxe7 {88} 13. Bd5 {3} Nc6 {293} 14. Bb2 {28} Be6 {106} 15. Rad1 {502
} Bxd5 {311} 16. Qxd5 {43} Rad8 {45} 17. a3 {17} Qe6 {153} 18. Rfe1 {726} a6 {
408} 19. Rd2 {202} Rd7 {57} 20. Red1 {111} Rfd8 {110} 21. e5 {29} Qxd5 {1295}
22. Rxd5 {30} Nd4 {140} 23. Bxd4 {26} cxd4 {8} 24. R1xd4 {45} Re8 {45} 25. Rd1
{184} g6 {161} 26. exd6 {120} b5 {52} 27. Kf1 {20} Rc8 {14} 28. R1d2 {34} Kg7 {
59} 29. Ke2 {147} Re8+ {24} 30. Kf3 {13} h6 {24} 31. Rc5 {53} Re6 {50} 32. Rc6
{11} Rf6+ {21} 33. Ke2 {94} Re6+ {20} 34. Kf1 {5} a5 {8} 35. Rb6 {11} Re5 {88}
36. Rc6 {55} Re6 {28} 37. Rc5 {454} b4 {142} 38. Rxa5 {11} bxa3 {6} 39. Rxa3 {
14} Rexd6 {4} 40. Rxd6 {14} Rxd6 {6} 41. Ra1 {31} Kf6 {17} 42. c4 {68} Rb6 {40}
43. Rb1 {40} Ke6 {26} 44. Ke2 {17} Kd7 {17} 45. b4 {42} Kc6 {39} 46. Kd3 {17}
Rb8 {14} 47. Kc3 {28} Ra8 {13} 48. Rb2 {243} f5 {18} 49. Rd2 {14} Ra3+ {16} 50.
Kb2 {62} Ra4 {35} 51. Kb3 {7} Ra1 {12} 52. b5+ {157} Kb6 {12} 53. Rd6+ {11} Kc5
{16} 54. Rxg6 {97} Rb1+ {12} 55. Kc2 {207} Rb4 {23} 56. Rc6+ {8} Kd4 {9} 57. b6
{13} Ra4 {57} 58. b7 {25} Rb4 {73} 59. Rc7 {26} Ke5 {40} 60. Rc5+ {96} Ke6 {29}
61. Rb5 {26} 1-0

[Event "TOP 12 Feminin 2023 Phase 1"]
[Site "MULHOUSE, France"]
[Date "2023.05.20"]
[Round "4.13"]
[White "SAVINA, Anastasia"]
[Black "KLEK, Hanna Marie"]
[Result "1/2-1/2"]
[ECO "E49"]
[WhiteElo "2342"]
[BlackElo "2325"]
[PlyCount "79"]
[EventDate "2023.??.??"]
[WhiteTeam "Vandoeuvre"]
[BlackTeam "Mulhouse"]
[TimeControl "90+30"]

1. d4 {87} Nf6 {7} 2. c4 {18} e6 {5} 3. Nc3 {27} Bb4 {7} 4. e3 {55} O-O {7} 5.
Bd3 {35} d5 {9} 6. a3 {49} Bxc3+ {15} 7. bxc3 {4} dxc4 {10} 8. Bxc4 {4} c5 {6}
9. Ne2 {21} Qc7 {34} 10. Bd3 {22} Rd8 {260} 11. f4 {810} b6 {546} 12. O-O {68}
Bb7 {84} 13. Ng3 {253} Nc6 {651} 14. Qe2 {1266} Na5 {328} 15. Bb2 {69} Rac8 {
1135} 16. Rad1 {1268} cxd4 {758} 17. cxd4 {14} Nc4 {31} 18. Rc1 {444} b5 {17}
19. f5 {169} Qe7 {308} 20. Bxc4 {418} bxc4 {23} 21. e4 {22} exf5 {190} 22. Nxf5
{297} Qxe4 {68} 23. Qxe4 {41} Nxe4 {21} 24. Ne7+ {4} Kf8 {10} 25. Nxc8 {7} Rxc8
{25} 26. Bc3 {40} g6 {235} 27. g4 {296} Bd5 {128} 28. Rfe1 {206} h5 {116} 29.
gxh5 {38} Rc6 {188} 30. Rxe4 {203} Bxe4 {6} 31. d5 {5} Rc8 {250} 32. h6 {87}
Kg8 {90} 33. d6 {5} Rd8 {63} 34. Be5 {51} f6 {161} 35. Bxf6 {34} Rxd6 {7} 36.
Rxc4 {30} Rxf6 {29} 37. Rxe4 {2} Ra6 {27} 38. Re3 {61} Kh7 {10} 39. Rh3 {24} g5
{17} 40. Kg2 {33} 1/2-1/2

[Event "TOP 12 Feminin 2023 Phase 1"]
[Site "MULHOUSE, France"]
[Date "2023.05.20"]
[Round "4.14"]
[White "NAVROTESCU , Andreea"]
[Black "BEREND, Elvira"]
[Result "1/2-1/2"]
[ECO "E41"]
[WhiteElo "2252"]
[BlackElo "2255"]
[PlyCount "105"]
[EventDate "2023.??.??"]
[WhiteTeam "Mulhouse"]
[BlackTeam "Vandoeuvre"]
[TimeControl "90+30"]

1. d4 {2} Nf6 {244} 2. c4 {6} e6 {6} 3. Nc3 {3} Bb4 {8} 4. e3 {5} c5 {11} 5.
Bd2 {14} d6 {168} 6. Bd3 {16} Nc6 {38} 7. Nf3 {9} e5 {124} 8. d5 {30} Ne7 {49}
9. Qc2 {393} a6 {221} 10. a3 {471} Bxc3 {239} 11. Bxc3 {10} O-O {318} 12. b4 {
104} b6 {8} 13. O-O {303} Bd7 {151} 14. Nd2 {251} Ng6 {596} 15. Qb2 {490} cxb4
{189} 16. Qxb4 {842} Qc7 {56} 17. Rac1 {340} Rfe8 {418} 18. Qb2 {560} Rab8 {49}
19. Qa1 {284} Qd8 {503} 20. Rfd1 {284} Ba4 {130} 21. Bc2 {31} Bxc2 {220} 22.
Rxc2 {2} Qc7 {110} 23. a4 {119} Nd7 {131} 24. a5 {68} Nc5 {196} 25. axb6 {114}
Qxb6 {7} 26. Rb2 {33} Qc7 {12} 27. Rdb1 {27} Rxb2 {50} 28. Rxb2 {34} Nf8 {206}
29. Ba5 {303} Qe7 {9} 30. Qb1 {88} Nfd7 {37} 31. Nb3 {239} g6 {171} 32. Nxc5 {
22} Nxc5 {9} 33. Rb6 {108} Qd7 {391} 34. Rc6 {48} Qg4 {535} 35. e4 {248} Qe2 {
21} 36. Rxc5 {496} dxc5 {103} 37. d6 {19} Qg4 {140} 38. h3 {43} Qd7 {7} 39. Qb6
{71} Rc8 {41} 40. Qxa6 {37} Rc6 {9} 41. Qa8+ {11} Kg7 {13} 42. Bc7 {16} Rxc7 {
29} 43. dxc7 {4} Qxc7 {4} 44. Qd5 {17} f6 {17} 45. h4 {29} h5 {18} 46. g3 {66}
Qa7 {32} 47. Kg2 {12} Qc7 {7} 48. Qe6 {68} Qd8 {41} 49. Qd5 {44} Qc7 {5} 50. f3
{40} Qa7 {36} 51. Qe6 {51} Qa2+ {101} 52. Kh3 {4} Qf2 {79} 53. Qe7+ {6} 1/2-1/2

[Event "TOP 12 Feminin 2023 Phase 1"]
[Site "MULHOUSE, France"]
[Date "2023.05.20"]
[Round "4.15"]
[White "THOMAS, Anisya"]
[Black "RICHARD, Emma"]
[Result "1-0"]
[ECO "E00"]
[WhiteElo "2147"]
[BlackElo "2169"]
[PlyCount "115"]
[EventDate "2023.??.??"]
[WhiteTeam "Vandoeuvre"]
[BlackTeam "Mulhouse"]
[TimeControl "90+30"]

1. d4 {1} Nf6 {10} 2. c4 {4} e6 {7} 3. Nf3 {4} d5 {26} 4. g3 {7} h6 {15} 5. Bg2
{106} Bd6 {11} 6. Nc3 {242} Nc6 {224} 7. O-O {97} O-O {37} 8. Qc2 {426} dxc4 {
1016} 9. Nb5 {270} e5 {1109} 10. dxe5 {428} Nxe5 {258} 11. Nxd6 {52} cxd6 {22}
12. Nxe5 {54} dxe5 {4} 13. Qxc4 {60} Be6 {1498} 14. Qb5 {503} Bd5 {80} 15. Rd1
{92} Bc6 {48} 16. Rxd8 {25} Bxb5 {4} 17. Rxa8 {145} Rxa8 {5} 18. Bxb7 {234} Rb8
{241} 19. Bg2 {151} Bxe2 {6} 20. b3 {330} e4 {327} 21. Bb2 {64} Bf3 {25} 22.
Bxf3 {269} exf3 {4} 23. Bxf6 {4} gxf6 {3} 24. Re1 {15} Rd8 {32} 25. h3 {42} Rd2
{5} 26. a4 {51} Re2 {151} 27. Rd1 {24} Kg7 {8} 28. Rd3 {26} Re1+ {12} 29. Kh2 {
5} Kg6 {32} 30. Rxf3 {5} f5 {20} 31. Kg2 {28} Rb1 {66} 32. Rc3 {84} a5 {30} 33.
Rc6+ {164} f6 {35} 34. Rb6 {16} f4 {279} 35. g4 {116} h5 {415} 36. gxh5+ {125}
Kxh5 {45} 37. Rxf6 {23} Kg5 {10} 38. Rb6 {25} Rb2 {15} 39. Kf3 {295} Kh4 {21}
40. Rb5 {86} Rc2 {38} 41. Rxa5 {428} Rc3+ {12} 42. Kxf4 {4} Rxb3 {3} 43. Rb5 {
47} Ra3 {37} 44. a5 {53} Kxh3 {11} 45. Ke5 {6} Kg4 {14} 46. Kd6 {23} Rf3 {39}
47. Rb6 {338} Rf6+ {133} 48. Kc7 {13} Rf7+ {7} 49. Kb8 {16} Rf8+ {4} 50. Ka7 {9
} Rf7+ {85} 51. Rb7 {9} Rxf2 {14} 52. a6 {3} Rf6 {11} 53. Rc7 {52} Rf1 {51} 54.
Kb8 {42} Rf8+ {13} 55. Kb7 {31} Rf1 {15} 56. a7 {5} Rb1+ {17} 57. Kc8 {14} Ra1
{13} 58. Kb8 {9} 1-0